 Dungeon Crawl Stone Soup version 0.26-a0-661-g406de6ba63 (webtiles) character file.

Game seed: 11858365307112216826

16036 DogServant the Thaumaturge (level 12, -2/92 HPs)
             Began as a Gnoll Wanderer on Oct 9, 2020.
             Was an Initiate of Gozag.
             Slain by a cane toad (16 damage)
             ... on level 4 of the Lair of Beasts.
             The game lasted 00:31:57 (17798 turns).

DogServant the Thaumaturge (Gnoll Wanderer)        Turns: 17798, Time: 00:31:59

Health: -2/92      AC: 19    Str: 23    XL:     12   Next: 33%
Magic:  24/24      EV: 15    Int: 17    God:    Gozag
Gold:   458        SH:  0    Dex: 20    Spells: 11/28 levels left

rFire    + + .     SeeInvis .   s - +8 spear "Impslayer" {venom, *Rage rPois Str+10 Dex-3}
rCold    . . .     Faith    .   (no shield)
rNeg     . . .     Spirit   .   R - +1 scale mail of the Jackalope {Rampage rF+} (curse)
rPois    +         Reflect  .   x - +1 helmet
rElec    .         Harm     .   K - +0 cloak
rCorr    .         Rampage  +   (no gloves)
MR       .....     Rnd*Rage +   j - +1 pair of boots
Stlth    +++.......             l - amulet of the acrobat
HPRegen  0.25/turn              g - ring "Petusyde" {rF+ Dex+4}
MPRegen  0.19/turn              y - +4 ring of protection

@: lethally poisoned (-2 -> -8)
A: distributed training, fangs 1, strong nose
a: Potion Petition, Call Merchant, Bribe Branch, Renounce Religion


You were on level 4 of the Lair of Beasts.
You worshipped Gozag.
Gozag was aware of your devotion.
You visited 2 branches of the dungeon, and saw 14 of its levels.

You collected 2937 gold pieces.
You spent 455 gold pieces at shops.
You paid 2024 gold pieces to Gozag.

Inventory:

Hand Weapons
 s - the +8 spear "Impslayer" (weapon) {venom, *Rage rPois Str+10 Dex-3}
   (You found it on level 5 of the Dungeon)

   It poisons the flesh of those it strikes.
   It affects your strength (+10).
   It affects your dexterity (-3).
   It protects you from poison.
   It may make you go berserk in combat.
 J - the +0 arbalest of Sharkskin {penet, rPois Int+5}
   (You bought it in a shop on level 8 of the Dungeon)

   Ammo fired by it will pass through the targets it hits, potentially hitting
   all targets in its path until it reaches maximum range.
   It affects your intelligence (+5).
   It protects you from poison.
Missiles
 b - 3 curare-tipped darts
 f - 2 datura-tipped darts
 i - 57 poisoned darts (quivered)
 N - 18 bolts
Armour
 j - a +1 pair of boots (worn)
 q - a +3 leather armour of fire resistance
 x - a +1 helmet (worn)
 E - a +4 ring mail of magic resistance
 K - a +0 cloak (worn)
 O - a +3 scale mail
 R - the cursed +1 scale mail of the Jackalope (worn) {Rampage rF+}
   (You bought it in a shop on level 2 of the Lair of Beasts)

   It protects you from fire.
   It bestows one free step when moving towards enemies.
   It has a curse placed upon it.
Magical Staves
 F - an uncursed staff of earth {unknown}
 G - an uncursed staff of fire {unknown}
Jewellery
 e - an uncursed amulet of guardian spirit {unknown}
 g - the ring "Petusyde" (left hand) {rF+ Dex+4}
   (You found it on level 7 of the Dungeon)

   [ring of protection from fire]

   It affects your dexterity (+4).
   It protects you from fire.
 l - an amulet of the acrobat (around neck)
 n - an uncursed amulet of magic regeneration
 u - an uncursed ring of poison resistance
 y - a +4 ring of protection (right hand)
 D - the ring of Asafri Ziuf {*Slow rElec MR+ rCorr Dex+2}
   (You took it off a gnoll on level 7 of the Dungeon)

   [ring of resist corrosion]

   It affects your dexterity (+2).
   It insulates you from electricity.
   It affects your resistance to hostile enchantments.
   It provides partial protection from all sources of acid and corrosion.
   It may slow you when you take damage.
Wands
 v - a wand of iceblast (20)
 I - a wand of polymorph (15)
Scrolls
 r - 5 scrolls of remove curse
 w - 5 scrolls of enchant armour
 B - 4 scrolls of enchant weapon
 C - a scroll of noise
 Q - 3 scrolls of amnesia
 S - a scroll of identify
Potions
 a - 2 potions of degeneration
 c - a potion of cancellation
 d - 3 potions of lignification
 h - 6 potions of flight
 k - 4 potions of haste
 m - a potion of resistance
 o - 3 potions of stabbing
 t - 3 potions of ambrosia
 z - a potion of invisibility {unknown}
 A - a potion of brilliance {unknown}
 M - a potion of experience {unknown}
 T - 2 potions of might {unknown}
Miscellaneous
 H - a phantom mirror


   Skills:
 + Level 7.7 Fighting
 + Level 7.2 Short Blades
 + Level 7.2 Long Blades
 + Level 7.7 Axes
 + Level 7.2 Maces & Flails
 + Level 7.2 Polearms
 + Level 7.2 Staves
 + Level 7.2 Slings
 + Level 7.2 Bows
 + Level 7.2 Crossbows
 + Level 7.7 Throwing
 + Level 7.7 Armour
 + Level 7.2 Dodging
 + Level 7.2 Stealth
 + Level 7.2 Shields
 + Level 7.2 Unarmed Combat
 + Level 8.8 Spellcasting
 + Level 6.0 Conjurations
 + Level 6.0 Hexes
 + Level 6.0 Summonings
 + Level 6.0 Necromancy
 + Level 6.0 Translocations
 + Level 8.2 Transmutations
 + Level 6.0 Fire Magic
 + Level 6.0 Ice Magic
 + Level 6.0 Air Magic
 + Level 6.0 Earth Magic
 + Level 6.0 Poison Magic
 + Level 7.9 Invocations
 + Level 7.7 Evocations


You had 11 spell levels left.
You knew the following spells:

 Your Spells              Type           Power        Failure   Level
a - Beastly Appendage     Tmut           #####.       1%          1
b - Freeze                Ice            ####         1%          1
c - Ozocubu's Armour      Ice            ####....     5%          3
d - Vampiric Draining     Necr           ####......   5%          3
e - Animate Dead          Necr           ####......   19%         4
f - Agony                 Necr           ####....     45%         5

Your spell library contained the following spells:

 Spells                   Type           Power        Failure   Level
 Animate Skeleton         Necr           ####..       1%          1
 Pain                     Necr           ####         1%          1
 Ignite Poison            Fire/Tmut/Pois ####....     4%          3


Dungeon Overview and Level Annotations

Branches:
Dungeon (10/15)            Temple (0/1) D:4            Lair (4/6) D:8
 Shoals (0/4) Lair:3
  Snake: Lair:2-4    Spider: Lair:2-4       Orc: D:9-12

Altars:
Gozag
Nemelex Xobeh
Ru
Sif Muna
Vehumet

Shops:
D:8 (   Lair:2 [

Annotations:
Lair:1 2 runed translucent doors, fritzmikael's ghost, journeyman TrWz


Innate Abilities, Weirdness & Mutations

Your experience applies equally to all skills.
You have very sharp teeth.
Your uncanny sense of smell can sniff out nearby items.


Message History

You bite the cane toad, but do no damage.
The cane toad is severely wounded.
You feel sick. The water moccasin barely misses you. The cane toad stings you!!
* * * LOW HITPOINT WARNING * * *
You hit the cane toad but do no damage.
The cane toad is severely wounded.
You feel sick.
The water moccasin bites you but does no damage.
The cane toad misses you.
You puncture the water moccasin!
The water moccasin is moderately wounded.
You feel sick. The water moccasin misses you. x2
The cane toad closely misses you.
You hit the water moccasin.
The water moccasin is poisoned.
The water moccasin is heavily wounded.
You feel sick.
The water moccasin completely misses you.
The cane toad stings you!
You die...
Your body crumbles into a pile of gold.

..#. ....
....P
.....#
......#
.......
.......##
......<@#
#.....SF#
$
##......#
#.#......
. #.#....
####.<..
#....
......


You could see a cane toad and a water moccasin (very poisoned).

Vanquished Creatures
  2 hydras
  A two-headed ogre (D:10)
  2 ogre magi (D:7)
  A wizard (D:7)
  A manticore (Lair:3)
  An elephant (Lair:3)
  2 cane toads
  2 rime drakes (Lair:1)
  3 komodo dragons
  A wind drake (Lair:3)
  A troll (D:9)
  A hornet (D:8)
  Sigmund (D:6)
  A spriggan (shapeshifter) (D:7)
  8 yaks
  A steam dragon (D:8)
  5 water moccasins
  An acid dragon (D:7)
  A sky beast (D:5)
  A phantom (D:4)
  3 black bears (D:8)
  4 ice beasts
  2 necrophages
  5 orc warriors
  5 ogres
  An eye of draining (D:5)
  6 wolves (Lair:1)
  3 centaurs
  A big kobold (D:8)
  13 bullfrogs
  6 scorpions
  10 wights
  2 killer bees
  2 electric eels (Lair:2)
  A centaur zombie (D:6)
  A bullfrog zombie (D:7)
  8 jellies
  7 hounds
  A gnoll shaman (D:9)
  11 orc priests
  Crazy Yiuf (D:5)
  23 orc wizards
  10 worker ants
  7 iguanas
  A howler monkey zombie (D:6)
  10 gnolls
  5 adders
  2 shadow imps (D:5)
  4 white imps
  An ufetubus (D:5)
  An ooze (D:3)
  5 adder skeletons
  3 worms
  A dart slug (D:3)
  8 leopard geckos
  50 orcs
  4 ball pythons
  3 bats
  10 giant cockroaches
  10 goblins
  5 hobgoblins
  17 jackals
  4 quokkas
  4 frilled lizards
  10 kobolds
  2 leopard gecko skeletons
  A quokka zombie (D:6)
  10 rats
341 creatures vanquished.

Vanquished Creatures (others)
  61 fungi
  64 plants
125 creatures vanquished.

Grand Total: 466 creatures vanquished

Notes
Turn   | Place    | Note
-------+----------+-------------------------------------------
     0 | D:1      | DogServant the Gnoll Wanderer began the quest for the Orb.
     0 | D:1      | DogServant set off with the following items: a +2 dagger, 3
                  | curare-tipped darts, a +0 robe; and the following spells
                  | available to memorise: Beastly Appendage, Freeze, Ignite
                  | Poison, Ozocubu's Armour
     0 | D:1      | Reached XP level 1. HP: 17/17 MP: 6/6
   266 | D:1      | Reached XP level 2. HP: 19/23 MP: 7/7
   347 | D:1      | Learned a level 1 spell: Beastly Appendage
   349 | D:1      | Learned a level 1 spell: Freeze
  1198 | D:2      | Reached XP level 3. HP: 28/28 MP: 9/9
  1295 | D:2      | Reached skill level 5 in Spellcasting
  1494 | D:2      | Reached skill level 1 in Short Blades
  1494 | D:2      | Reached skill level 1 in Long Blades
  1494 | D:2      | Reached skill level 1 in Maces & Flails
  1494 | D:2      | Reached skill level 1 in Polearms
  1494 | D:2      | Reached skill level 1 in Staves
  1494 | D:2      | Reached skill level 1 in Slings
  1494 | D:2      | Reached skill level 1 in Bows
  1494 | D:2      | Reached skill level 1 in Crossbows
  1494 | D:2      | Reached skill level 1 in Dodging
  1494 | D:2      | Reached skill level 1 in Stealth
  1494 | D:2      | Reached skill level 1 in Shields
  1494 | D:2      | Reached skill level 1 in Unarmed Combat
  1494 | D:2      | Reached skill level 1 in Invocations
  1494 | D:2      | Reached XP level 4. HP: 18/34 MP: 11/11
  2295 | D:2      | Found an opulent altar of Gozag.
  2296 | D:2      | Found a radiant altar of Vehumet.
  2307 | D:2      | Became a worshipper of Gozag Ym Sagoz the Greedy
  2365 | D:3      | Reached skill level 1 in Conjurations
  2365 | D:3      | Reached skill level 1 in Hexes
  2365 | D:3      | Reached skill level 1 in Summonings
  2365 | D:3      | Reached skill level 1 in Necromancy
  2365 | D:3      | Reached skill level 1 in Translocations
  2365 | D:3      | Reached skill level 1 in Fire Magic
  2365 | D:3      | Reached skill level 1 in Ice Magic
  2365 | D:3      | Reached skill level 1 in Air Magic
  2365 | D:3      | Reached skill level 1 in Earth Magic
  2365 | D:3      | Reached skill level 1 in Poison Magic
  2404 | D:3      | Reached XP level 5. HP: 36/40 MP: 10/12
  2684 | D:3      | Found an opulent altar of Gozag.
  3408 | D:3      | Reached XP level 6. HP: 47/47 MP: 13/13
  4213 | D:4      | Reached XP level 7. HP: 47/52 MP: 15/15
  4218 | D:4      | Learned a level 3 spell: Ozocubu's Armour
  4735 | D:4      | Found a shimmering blue altar of Sif Muna.
  4797 | D:4      | Found a staircase to the Ecumenical Temple.
  4900 | D:5      | Entered Level 5 of the Dungeon
  5736 | D:5      | Got a steaming spear
  5737 | D:5      | Identified the +8 spear "Impslayer" {venom, *Rage rPois
                  | Str+10 Dex-3} (You found it on level 5 of the Dungeon)
  5762 | D:5      | Reached XP level 8. HP: 50/60 MP: 16/16
  5880 | D:5      | Found a sparkling altar of Nemelex Xobeh.
  6204 | D:5      | Found a sacrificial altar of Ru.
  6379 | D:5      | Found a runed translucent door.
  6380 | D:5      | Noticed Crazy Yiuf
  6454 | D:5      | Killed Crazy Yiuf
  6566 | D:6      | Noticed Sigmund
  6576 | D:6      | Killed Sigmund
  7343 | D:6      | Reached XP level 9. HP: 66/66 MP: 18/18
  7801 | D:6      | Identified the +6 short sword of Muoh {vorpal, Str+2}
  8174 | D:7      | Noticed an ogre mage
  8183 | D:7      | Reached skill level 5 in Fighting
  8183 | D:7      | Reached skill level 5 in Axes
  8183 | D:7      | Reached skill level 5 in Throwing
  8183 | D:7      | Reached skill level 5 in Armour
  8183 | D:7      | Reached skill level 5 in Evocations
  8192 | D:7      | Killed an ogre mage
  8192 | D:7      | Reached skill level 5 in Invocations
  8540 | D:7      | Noticed a wizard
  8547 | D:7      | Noticed an ogre mage
  8553 | D:7      | Killed an ogre mage
  8553 | D:7      | Reached skill level 5 in Short Blades
  8553 | D:7      | Reached skill level 5 in Long Blades
  8553 | D:7      | Reached skill level 5 in Maces & Flails
  8553 | D:7      | Reached skill level 5 in Polearms
  8553 | D:7      | Reached skill level 5 in Staves
  8553 | D:7      | Reached skill level 5 in Slings
  8553 | D:7      | Reached skill level 5 in Bows
  8553 | D:7      | Reached skill level 5 in Crossbows
  8553 | D:7      | Reached skill level 5 in Dodging
  8553 | D:7      | Reached skill level 5 in Stealth
  8553 | D:7      | Reached skill level 5 in Shields
  8553 | D:7      | Reached skill level 5 in Unarmed Combat
  8553 | D:7      | Reached XP level 10. HP: 76/76 MP: 20/20
  8556 | D:7      | Killed a wizard
  9795 | D:7      | Got a clouded jade ring
  9836 | D:7      | Identified the ring "Petusyde" {rF+ Dex+4} (You found it on
                  | level 7 of the Dungeon)
 11396 | D:7      | Identified the ring of Asafri Ziuf {*Slow rElec MR+ rCorr
                  | Dex+2}
 11436 | D:7      | Learned a level 3 spell: Vampiric Draining
 11441 | D:7      | Learned a level 4 spell: Animate Dead
 11447 | D:7      | Learned a level 5 spell: Agony
 11676 | D:8      | Reached XP level 11. HP: 82/82 MP: 22/22
 11977 | D:8      | Found a staircase to the Lair.
 12072 | D:8      | Reached skill level 5 in Conjurations
 12072 | D:8      | Reached skill level 5 in Hexes
 12072 | D:8      | Reached skill level 5 in Summonings
 12072 | D:8      | Reached skill level 5 in Necromancy
 12072 | D:8      | Reached skill level 5 in Translocations
 12072 | D:8      | Reached skill level 5 in Fire Magic
 12072 | D:8      | Reached skill level 5 in Ice Magic
 12072 | D:8      | Reached skill level 5 in Air Magic
 12072 | D:8      | Reached skill level 5 in Earth Magic
 12072 | D:8      | Reached skill level 5 in Poison Magic
 12679 | D:8      | Bought a scorched arbalest for 275 gold pieces
 14062 | D:10     | Entered Level 10 of the Dungeon
 14085 | D:10     | Noticed a two-headed ogre
 14094 | D:10     | Killed a two-headed ogre
 14448 | D:9      | Identified the cursed +0 arbalest of Sharkskin {penet,
                  | rPois Int+5} (You bought it in a shop on level 8 of the
                  | Dungeon)
 14668 | Lair:1   | Entered Level 1 of the Lair of Beasts
 15211 | Lair:1   | Found a large runed translucent door.
 15211 | Lair:1   | Found a large runed translucent door.
 15214 | Lair:1   | Noticed fritzmikael's ghost (journeyman TrWz)
 15871 | Lair:2   | Noticed a five-headed hydra
 15881 | Lair:2   | Killed a five-headed hydra
 16240 | Lair:2   | Reached XP level 12. HP: 91/91 MP: 24/24
 16289 | Lair:2   | Bought a transparent scale mail for 180 gold pieces
 16301 | Lair:2   | Identified the cursed +1 scale mail of the Jackalope
                  | {Rampage rF+} (You bought it in a shop on level 2 of the
                  | Lair of Beasts)
 17043 | Lair:3   | Noticed a seven-headed hydra
 17056 | Lair:3   | Killed a seven-headed hydra
 17093 | Lair:3   | Found a staircase to the Shoals.
 17798 | Lair:4   | Slain by a cane toad

Illustrated notes

Levels and vault maps discovered:
D:1:      minmay_arrival_plants_in_alcoves, layout_basic
D:2:      layout_loops_ring, minitemple
D:3:      minmay_razor_zed, layout_basic, grunt_ministairs_2,
          nicolae_gozag_cash_rules_everything_around_me
D:4:      layout_gridville, overflow_temple_1_default, minmay_temple_entry_fiery
D:5:      minmay_skewed_foursquare, layout_cave_pools, kennysheep_mini,
          nemelex_lonely_heart_becter, uniq_crazy_yiuf_cottage
D:6:      layout_loops_corners, minmay_misc_feat_room,
          kennysheep_generic_room_14, uniq_sigmund
D:7:      wad_guarded_room, layout_layer_cave, minmay_strange_pillars,
          minmay_the_grid_2x2 [minmay_the_grid_tiny_cups,
          minmay_the_grid_minigrid_large, minmay_the_grid_tri_star,
          minmay_the_grid_prize_shrinking_boxes]
D:8:      layout_basic, due_lair_maze_entry_diamond
D:9:      layout_gridville
D:10:     layout_layer_cave, david_orc_2, gammafunk_ghost_stat_death
Lair:1:   layout_gridlike, portal_ice_cave_entry_pillars_2,
          ebering_ghost_disaster_area, serial_bayou_shore_b
Lair:2:   layout_big_grid, fungi_pond_lemuel
Lair:3:   layout_gridlike, minmay_shoals_entry_beasts,
          guppyfry_snake_entry_island, grunt_megastairs_2,
          infiniplex_staircase_pool_2, minmay_lair_oklob_chamber
Lair:4:   layout_cave_pods, cheibrodos_lair_lostbears, grunt_megastairs_4

Skill      XL: |  1  2  3  4  5  6  7  8  9 10 11 12 |
---------------+-------------------------------------+-----
Spellcasting   | 5 6 7 8 |  8.8
Short Blades   | 1 2 3 5 6 7 |  7.2
Long Blades    | 1 2 3 5 6 7 |  7.2
Maces & Flails | 1 2 3 5 6 7 |  7.2
Polearms       | 1 2 3 5 6 7 |  7.2
Staves         | 1 2 3 5 6 7 |  7.2
Slings         | 1 2 3 5 6 7 |  7.2
Bows           | 1 2 3 5 6 7 |  7.2
Crossbows      | 1 2 3 5 6 7 |  7.2
Dodging        | 1 2 3 5 6 7 |  7.2
Stealth        | 1 2 3 5 6 7 |  7.2
Shields        | 1 2 3 5 6 7 |  7.2
Unarmed Combat | 1 2 3 5 6 7 |  7.2
Invocations    | 1 2 3 4 5 6 7 |  7.9
Conjurations   | 1 2 3 4 5 6 |  6.0
Hexes          | 1 2 3 4 5 6 |  6.0
Summonings     | 1 2 3 4 5 6 |  6.0
Necromancy     | 1 2 3 4 5 6 |  6.0
Translocations | 1 2 3 4 5 6 |  6.0
Fire Magic     | 1 2 3 4 5 6 |  6.0
Ice Magic      | 1 2 3 4 5 6 |  6.0
Air Magic      | 1 2 3 4 5 6 |  6.0
Earth Magic    | 1 2 3 4 5 6 |  6.0
Poison Magic   | 1 2 3 4 5 6 |  6.0
Fighting       | 3 4 5 6 7 |  7.7
Axes           | 3 4 5 6 7 |  7.7
Throwing       | 3 4 5 6 7 |  7.7
Armour         | 3 4 5 6 7 |  7.7
Evocations     | 3 4 5 6 7 |  7.7
Transmutations | 6 7 8 |  8.2

Action                   |  1- 3 |  4- 6 |  7- 9 | 10-12 || total
-------------------------+-------+-------+-------+-------++-------
Melee: Dagger            |    87 |       |    45 |       ||   132
       Bite              |     9 |    19 |    24 |    81 ||   133
       Kick              |     6 |    24 |    39 |    44 ||   113
       Headbutt          |     1 |    15 |    16 |    37 ||    69
       Short sword       |       |   170 |     9 |       ||   179
       Punch             |       |     2 |     1 |    17 ||    20
       Unarmed           |       |       |    46 |       ||    46
       Spear             |       |       |   166 |   610 ||   776
 Fire: Arbalest          |       |       |       |    11 ||    11
Throw: Dart              |     1 |       |     5 |     7 ||    13
 Cast: Beastly Appendage |     6 |     9 |     8 |    11 ||    34
       Freeze            |       |     6 |       |       ||     6
Invok: Call Merchant     |       |       |       |     2 ||     2
       Potion Petition   |       |       |       |     1 ||     1
  Use: Scroll            |       |    12 |       |    14 ||    26
       Potion            |       |       |     2 |     3 ||     5
 Stab: Sleeping          |     2 |     5 |    10 |    22 ||    39
       Distracted        |       |     1 |     2 |     2 ||     5
Armor: Robe              |    19 |     3 |       |       ||    22
       Leather armour    |       |    27 |    52 |    22 ||   101
       Ring mail         |       |       |       |    93 ||    93
       Scale mail        |       |       |       |    45 ||    45
Dodge: Dodged            |    44 |    76 |    88 |   321 ||   529

Table legend: (Time is in decaauts)
 A = Elapsed time spent in this place.
 B = Non-inter-level travel time spent in this place.
 C = Inter-level travel time spent in this place.
 D = Time resting spent in this place.
 E = Time spent auto-exploring this place.
 F = Levels seen in this place.
 G = Mean time per level.
                   A        B        C        D        E       F      G
               +--------+--------+--------+--------+--------+-----+--------+
         Total |  17898 |  17278 |    620 |   6067 |   8882 |  14 | 1278.4 |
       Dungeon |  14752 |  14203 |    549 |   4758 |   7504 |  10 | 1475.2 |
          Lair |   3145 |   3074 |     71 |   1308 |   1377 |   4 |  786.2 |
               +--------+--------+--------+--------+--------+-----+--------+

Top non-repeatable levels by time:
     D:7: 3587 daAuts
     D:9: 1729 daAuts
     D:5: 1687 daAuts
     D:6: 1629 daAuts
  Lair:2: 1576 daAuts
     D:4: 1264 daAuts
     D:8: 1244 daAuts
     D:3: 1240 daAuts
     D:1: 1196 daAuts
  Lair:1: 1187 daAuts
     D:2: 1135 daAuts
  Lair:3: 372 daAuts
    D:10: 37 daAuts
  Lair:4: 8 daAuts
